 Dungeon Crawl Stone Soup version 0.29-a0-330-g52719c12eb (webtiles) character file.

Game seed: 15345425914031976631

309 Anon1729 the Ducker (level 6, -8/49 HPs)
             Began as a Merfolk Monk on May 23, 2022.
             Mangled by an ogre
             ... wielding a +0 giant spiked club
              (26 damage)
             ... on level 4 of the Dungeon.
             The game lasted 00:04:10 (3600 turns).

Anon1729 the Ducker (Merfolk Monk)                  Turns: 3600, Time: 00:04:11

Health: -8/49      AC: 11    Str: 11    XL:     6   Next: 41%
Magic:  6/6        EV: 13    Int: 10    God:
Gold:   241        SH:  5    Dex: 18    Spells: 5/5 levels left

rFire   . . .      SeeInvis .   a - +0 falchion
rCold   . . .      Faith    .   (no shield)
rNeg    . . .      Spirit   .   k - +0 ring mail
rPois   .          Reflect  +   j - +2 hat
rElec   .          Harm     .   (no cloak)
rCorr   .          Rampage  .   (no gloves)
Will    .....                   (no boots)
Stlth   ++........              h - amulet of reflection
HPRegen 0.16/turn               d - +4 ring of protection
MPRegen 0.10/turn               (no ring)

@: no status effects
A: (nimble swimmer 2), mertail
a: no special abilities


You were on level 4 of the Dungeon.
You visited 1 branch of the dungeon, and saw 4 of its levels.
You also visited: Sewer.

You collected 241 gold pieces.

Inventory:

Hand Weapons
 a - a +0 falchion (weapon)
Missiles
 z - 23 poisoned darts (quivered)
Armour
 b - a +0 robe
 j - a +2 hat (worn)
 k - a +0 ring mail (worn)
Jewellery
 d - a +4 ring of protection (left hand)
 h - an amulet of reflection (around neck)
Scrolls
 f - a scroll of silence {unknown}
 g - 5 scrolls of enchant armour {unknown}
 i - 4 scrolls of teleportation {unknown}
 m - 2 scrolls of noise {unknown}
 p - a scroll of holy word {unknown}
 q - a scroll of blinking {unknown}
 s - a scroll of brand weapon {unknown}
 w - 2 scrolls of identify {unknown}
 x - a scroll of amnesia {unknown}
 y - a scroll of vulnerability {unknown}
 A - a scroll of acquirement {unknown}
Potions
 c - 3 potions of ambrosia
 e - a potion of heal wounds {unknown}
 l - 2 potions of curing
 n - a potion of cancellation {unknown}
 o - a potion of berserk rage {unknown}
 r - a potion of invisibility {unknown}
 t - 2 potions of haste {unknown}
 u - 3 potions of magic {unknown}
 v - a potion of might {unknown}


   Skills:
 + Level 4.7 Fighting
 + Level 5.1 Long Blades
 + Level 5.7 Dodging
 + Level 4.3 Stealth


You had 5 spell levels left.
You didn't know any spells.
Your spell library was empty.

Dungeon Overview and Level Annotations

Branches:
Dungeon (4/15)              Sewer (visited)
 Temple: D:4-7

Altars:
Cheibriados
Gozag

Shops:
D:1 :   D:2 (

Annotations:
D:3 Sigmund
D:4 3 runed translucent doors, zxcv's ghost, amateur PaFi


Innate Abilities, Weirdness & Mutations

((You are very nimble when in or above water. (Stealth+, EV+, Speed+++)))
Your lower body shifts to a powerful aquatic tail in water.


Message History

The ogre hits you with a +0 giant spiked club!
You hit the ogre.
The ogre is heavily wounded.
The ogre closely misses you.
You barely miss the ogre.
The ogre is moderately wounded.
The ogre hits you with a +0 giant spiked club!!
Ouch! That really hurt!
You are too injured to fight recklessly!
You are too injured to fight recklessly!
You are too injured to fight recklessly!
You are too injured to fight recklessly!
You are too injured to fight recklessly!
You are too injured to fight recklessly!
You are too injured to fight recklessly!
You are too injured to fight recklessly!
You are too injured to fight recklessly!
You are too injured to fight recklessly!
You are too injured to fight recklessly!
You are too injured to fight recklessly!
You are too injured to fight recklessly!
You aren't carrying any items that you can evoke.
You slash the ogre!
The ogre is severely wounded.
You hit the ogre.
The ogre is severely wounded.
The ogre barely misses you.
You hit the ogre.
The ogre is severely wounded.
You block the ogre's attack.
You barely miss the ogre.
The ogre is severely wounded.
You hit the ogre.
The ogre is almost dead.
The ogre barely misses you.
You barely miss the ogre.
The ogre is almost dead.
The ogre hits you with a +0 giant spiked club!!
Ouch! That really hurt!
You die...

#####..# .....#..#
.#...$)..#..#
.#.#...#.#..# ####
.#..#.#..#..# ..#
.#.#...#W#..####O#
#.....Br#....##@#
#.....yF#.......#
.###+++###...###.#
.............# #.#
.............# #..
####.#########
##.. #.# ### #)#
#.#


You could see an ogre.

Vanquished Creatures
  A kobold brigand (Sewer)
  Jessica (D:2)
  7 adders
  3 river rats (Sewer)
  A shadow imp (D:3)
  4 worms
  A dart slug (D:3)
  An orc (D:3)
  9 endoplasms
  3 giant cockroaches
  8 goblins
  5 hobgoblins
  6 jackals
  2 quokkas
  8 ball pythons
  5 bats
  4 frilled lizards
  20 kobolds
  23 rats
112 creatures vanquished.

Vanquished Creatures (others)
  2 fungi (D:1)
  9 plants
11 creatures vanquished.

Grand Total: 123 creatures vanquished

Notes
Turn   | Place    | Note
-------+----------+-------------------------------------------
     0 | D:1      | Anon1729 the Merfolk Monk began the quest for the Orb.
     0 | D:1      | Reached XP level 1. HP: 18/18 MP: 1/1
    57 | D:1      | Found Ifae's Book Shop.
   101 | D:1      | Reached XP level 2. HP: 22/24 MP: 2/2
   482 | D:1      | Reached XP level 3. HP: 21/29 MP: 3/3
   636 | D:1      | Found a faded altar of an unknown god.
  1334 | D:2      | Noticed Jessica
  1351 | D:2      | Killed Jessica
  1352 | D:2      | Reached XP level 4. HP: 26/37 MP: 4/4
  1507 | D:2      | Found Joreghul's Antique Weapon Shop.
  1691 | D:2      | Reached skill level 5 in Dodging
  1691 | D:2      | Reached XP level 5. HP: 39/42 MP: 5/5
  2088 | D:3      | Noticed Sigmund
  2128 | D:3      | Found a glowing drain.
  2142 | Sewer    | Entered a sewer
  2676 | Sewer    | Noticed a kobold brigand
  2692 | Sewer    | Killed a kobold brigand
  2693 | Sewer    | Reached skill level 5 in Long Blades
  2693 | Sewer    | Reached XP level 6. HP: 42/49 MP: 6/6
  2952 | D:3      | Found a snail-covered altar of Cheibriados.
  2953 | D:3      | Found an opulent altar of Gozag.
  3569 | D:4      | Found a runed translucent gate.
  3569 | D:4      | Found a runed translucent gate.
  3571 | D:4      | Found a runed translucent gate.
  3573 | D:4      | Noticed a hornet
  3573 | D:4      | Noticed zxcv's ghost (amateur PaFi)
  3600 | D:4      | Mangled by an ogre

Illustrated notes

Levels and vault maps discovered:
D:1:      dpeg_arrival_rooms_b, layout_rooms,
          shapermc_ecumenical_altar_mp_ritualfount, serial_shops, shop,
          st_stairs_4, serial_bayou_pond_a, minmay_split_cup_large
D:2:      layout_rooms, serial_shops, nicolae_shop_overgrown_old_shop,
          uniq_jessica
D:3:      layout_loops_corners, jmf_multi_god_temple,
          cheibrodos_sewer_entry_drain, grunt_decor_junction,
          kennysheep_generic_room_15, uniq_sigmund
D:4:      kennysheep_the_goblin_king, layout_basic, gammafunk_ghost_split,
          minmay_misc_feat_nine_boxes

Skill      XL: |  1  2  3  4  5 |
---------------+----------------+-----
Long Blades    | 4 5 |  5.1
Stealth        | 3 4 |  4.3
Fighting       | 4 |  4.7
Dodging        | 5 |  5.7

Action                   |  1- 3 |  4- 6 || total
-------------------------+-------+-------++-------
Melee: Falchion          |   133 |   259 ||   392
       Punch             |       |     2 ||     2
       Tailslap          |       |     1 ||     1
 Stab: Sleeping          |     4 |     7 ||    11
Armor: Robe              |    31 |       ||    31
       Ring mail         |    25 |   100 ||   125
Dodge: Dodged            |   126 |   170 ||   296
Block: Other             |       |    45 ||    45
       Reflection        |       |     1 ||     1

Table legend: (Time is in decaauts)
 A = Elapsed time spent in this place.
 B = Non-inter-level travel time spent in this place.
 C = Inter-level travel time spent in this place.
 D = Time resting spent in this place.
 E = Time spent auto-exploring this place.
 F = Levels seen in this place.
 G = Mean time per level.
                   A        B        C        D        E       F      G
               +--------+--------+--------+--------+--------+-----+--------+
         Total |   3537 |   3385 |    152 |      0 |   2478 |   5 |  707.4 |
       Dungeon |   2844 |   2692 |    152 |      0 |   2033 |   4 |  711.0 |
         Sewer |    693 |    693 |      0 |      0 |    444 |   1 |  693.0 |
               +--------+--------+--------+--------+--------+-----+--------+

Top non-repeatable levels by time:
     D:1: 1000 daAuts
     D:3: 946 daAuts
     D:2: 820 daAuts
   Sewer: 693 daAuts
     D:4: 77 daAuts
